 Dungeon Crawl Stone Soup version 0.30-b1-2-g02819fbbbe (webtiles) character file.

Game seed: 11173672409544788381

75 Ashen the Gusty (level 4, -1/39 HPs)
             Began as an Ogre Air Elementalist on Jan 16, 2024.
             Slain by an orc
             ... wielding a +0 mace
              (5 damage)
             ... on level 3 of the Dungeon.
             The game lasted 00:04:10 (1980 turns).

Ashen the Gusty (Ogre Air Elementalist)             Turns: 1980, Time: 00:04:11

Health: -1/39      AC:  7    Str: 12    XL:     4   Next: 31%
Magic:  5/8        EV: 10    Int: 18    God:
Gold:   40         SH:  0    Dex:  9    Spells: 8/9 levels left

rFire   . . .        s - staff of conjuration
rCold   . . .        (no shield)
rNeg    . . .        a - +0 robe
rPois   +            (helmet restricted)
rElec   .            (no cloak)
rCorr   .            (gloves unavailable)
SInv    .            (boots unavailable)
Will    .....        (no amulet)
Stlth   ++           c - +4 ring of protection
HPRegen 0.26/turn    e - ring of poison resistance
MPRegen 0.11/turn

%: no passive effects
@: no status effects
A: large, unfitting armour, tough skin 1
a: no special abilities


You were on level 3 of the Dungeon.
You visited 1 branch of the dungeon, and saw 3 of its levels.

You collected 40 gold pieces.

Inventory:

Armour
 a - a +0 robe (worn)
Magical Staves
 s - a staff of conjuration (weapon)
Jewellery
 c - a +4 ring of protection (left hand)
 e - a ring of poison resistance (right hand)
Scrolls
 d - 2 scrolls of identify {unknown}
 f - a scroll of amnesia {unknown}
 i - a scroll of silence {unknown}
 k - a scroll of poison {unknown}
 m - a scroll of enchant armour {unknown}
 o - a scroll of blinking {unknown}
 r - a scroll of immolation {unknown}
Potions
 b - 2 potions of magic
 g - 2 potions of brilliance {unknown}
 h - 2 potions of haste {unknown}
 j - a potion of resistance {unknown}
 l - a potion of attraction {unknown}
 n - a potion of invisibility {unknown}
 p - 2 potions of heal wounds {unknown}
 q - a potion of degeneration {unknown}
 t - a potion of curing {unknown}


   Skills:
 + Level 2.3 Dodging
 + Level 2.0 Stealth
 + Level 3.1 Spellcasting
 + Level 1.7 Conjurations
 + Level 3.1 Air Magic


You had 8 spell levels left.
You knew the following spells:

 Your Spells              Type           Power      Damage    Failure   Level
a - Shock                 Conj/Air       68%        1d7       6%          1

Your spell library contained the following spells:

 Spells                   Type           Power      Damage    Failure   Level
 Static Discharge         Conj/Air       34%        2-4/arc   9%          2
 Swiftness                Air            14%        N/A       13%         3
 Airstrike                Air            7%         2d(1-17)  41%         4


Dungeon Overview and Level Annotations

Branches:
Dungeon (3/15)

Altars:


Innate Abilities, Weirdness & Mutations

You are too large for most types of armour.
You have tough skin. (AC +1)


Message History

You feel less confused. The goblin closely misses you.
The goblin barely misses you. Something hits you. Something burns you.
The orc barely misses you. The orc closely misses you.
You miss something.
The goblin hits you with a +0 dagger. x2
You hear some strange, mumbled words.
A magic dart appears from out of thin air!
The magic dart hits you. The orc hits you with a +0 mace.
* * * LOW HITPOINT WARNING * * *
The orc hits you but does no damage.
Casting: Shock (safe; 6% risk of failure)
Confirm with . or Enter, or press ? or * to list all spells.
Aiming: Shock (safe; 6% risk of failure)
Press: ? - help, Shift-Dir - straight line You feel a surge of power!
That beam is likely to hit you.
Continue anyway?
The zap hits the orc.
The orc is severely wounded.
The zap hits the orc.
You kill the orc!
The zap misses you.
The zap hits the goblin.
The goblin is severely wounded.
The goblin hits you with a +0 dagger.
* * * LOW HITPOINT WARNING * * *
Something hits you.
* * * LOW HITPOINT WARNING * * *
Something burns you.
* * * LOW HITPOINT WARNING * * *
The orc hits you with a +0 mace.
* * * LOW HITPOINT WARNING * * *
The goblin hits you but does no damage. Something hits you but does no damage.
The orc hits you with a +0 mace.
* * * LOW HITPOINT WARNING * * *
You see here a +0 dagger.
The orc hits you but does no damage.
You hear some strange, mumbled words.
Something tries to affect you, but you resist.
The orc attacks as you move away! The orc closely misses you.
The orc attacks as you move away! The orc hits you with a +0 mace.
You die...

..# ..# ##### ..#
#########...# ..#
###.....).#...# ..#####
.........g#...##.......
.........wg....)#......
..........#o@..<).....#
.....(....#............
.....######...........#
..... #...........#
..... ####........#
..## #.........
#........# #........#


You could see a worm, an orc and 2 goblins.

Vanquished Creatures
  An orc wizard (D:3)
  An adder (D:2)
  An orc (D:3)
  2 ball pythons
  4 bats
  4 endoplasms (D:1)
  2 giant cockroaches (D:1)
  6 goblins (D:1)
  2 hobgoblins (D:1)
  2 kobolds (D:2)
  5 quokkas
  2 frilled lizards
  2 rats (D:1)
34 creatures vanquished.

Notes
Turn   | Place    | Note
-------+----------+-------------------------------------------
     0 | D:1      | Ashen the Ogre Air Elementalist began the quest for the
                  | Orb.
     0 | D:1      | Reached XP level 1. HP: 16/16 MP: 3/3
    77 | D:1      | Reached skill level 1 in Conjurations
   270 | D:1      | Reached XP level 2. HP: 24/24 MP: 2/5
   739 | D:1      | Found a faded altar of an unknown god.
   770 | D:1      | Reached XP level 3. HP: 31/31 MP: 0/7
  1949 | D:3      | Reached XP level 4. HP: 39/39 MP: 4/8
  1980 | D:3      | Slain by an orc

Illustrated notes

Levels and vault maps discovered:
D:1:      dpeg_arrival_rhombus, layout_rooms, shapermc_ecumenical_altar_pompeii
D:2:      layout_basic
D:3:      layout_basic, nicolae_sif_muna_little_library, dreamdust_wishing_well

Skill      XL: |  1  2  3 |
---------------+----------+-----
Conjurations   | 1 |  1.7
Dodging        | 2 |  2.3
Air Magic      | 3 |  3.1
Spellcasting   | 3 |  3.1
Stealth        | 2 |  2.0

Action                     |  1- 3 |  4- 6 || total
---------------------------+-------+-------++-------
  Melee: Unarmed           |    29 |       ||    29
         Staff             |       |     8 ||     8
   Cast: Shock             |    67 |     2 ||    69
 Armour: Robe              |    49 |    31 ||    80
  Dodge: Dodged            |    48 |    25 ||    73
